 Dungeon Crawl Stone Soup version 0.23.1 (webtiles) character file.

Game seed: 15877287057132085941

38 Kairos the Sneak (level 3, -1/18 HPs)
             Began as a Vine Stalker Assassin on Mar 10, 2019.
             Slain by a kobold
             ... wielding a +0 dagger
              (2 damage)
             ... on level 2 of the Dungeon.
             The game lasted 00:01:27 (1700 turns).

Kairos the Sneak (Vine Stalker Assassin)            Turns: 1700, Time: 00:01:27

Health: -1/18      AC:  3    Str: 13    XL:     3   Next: 43%
Magic:  0/3        EV: 12    Int: 11    God:
Gold:   21         SH:  0    Dex: 16    Spells: 2/2 levels left

rFire    . . .     SeeInvis +   a - +2 dagger
rCold    + . .     Gourm    .   (no shield)
rNeg     . . .     Faith    .   c - +0 robe
rPois    .         Spirit   +   (no helmet)
rElec    .         Reflect  .   d - +0 cloak
rCorr    .         Harm     .   (no gloves)
MR       .....                  (no boots)
Stlth    +++.......             (no amulet)
HPRegen  0.06/turn              (no ring)
MPRegen  0.08/turn              (no ring)

@: lethally poisoned (-1 -> -16)
A: fangs 2, see invisible, cold resistance 1, low mp 1, magic shield, antimagic
bite, no potion heal 3, rot immunity
a: no special abilities


You were on level 2 of the Dungeon.
You were not hungry.

You visited 1 branch of the dungeon, and saw 2 of its levels.

You collected 21 gold pieces.

Inventory:

Hand Weapons
 a - a +2 dagger (weapon)
 b - a +0 blowgun
Missiles
 e - 8 poisoned needles
 f - 2 curare-tipped needles
Armour
 c - a +0 robe (worn)
 d - a +0 cloak (worn)
Comestibles
 g - 2 rations


   Skills:
 + Level 1.9 Fighting
 + Level 2.3 Short Blades
 + Level 1.8 Throwing
 + Level 0.9 Dodging
 + Level 5.8 Stealth


You had 2 spell levels left.
You didn't know any spells.
Your spell library was empty.

Dungeon Overview and Level Annotations

Branches:
Dungeon (2/15)

Altars:
Ashenzari


Innate Abilities, Weirdness & Mutations

You have extremely sharp teeth.
When hurt, damage is shared between your health and your magic reserves.
Your bite disrupts and absorbs the magic of your enemies.
Potions cannot restore your health.
You are immune to rotting.
You have supernaturally acute eyesight. (SInv)
Your flesh is cold resistant. (rC+)
Your magical capacity is low. (-10% MP)


Message History

The goblin hits you but does no damage.
You miss the adder. Your bite misses the adder.
The kobold hits you with a +0 dagger.
* * * LOW HITPOINT WARNING * * *
The adder bites you.
* * * LOW HITPOINT WARNING * * *
The goblin closely misses you.
You miss the adder.
* * * LOW HITPOINT WARNING * * *
You feel sick. The adder bites you.
You are more poisoned.
The adder poisons you! The kobold hits you but does no damage.
Unknown command.
You closely miss the adder. You bite the adder. You drain its power.
You feel invigorated.
The adder is lightly wounded.
* * * LOW HITPOINT WARNING * * *
You feel sick. The adder closely misses you.
The goblin hits you but does no damage. The kobold hits you with a +0 dagger.
You die...

#.#.# #....#
....#
######....#
##.....l...#
##.⌠...⌠....#
##.....(....#
#.⌠.†KS...⌠.#
##..!@g...(.#
##(⌠...⌠...#
##.......##
#########


You could see an adder, a goblin, a kobold and a frilled lizard.

Vanquished Creatures
  An adder (D:2)
  2 oozes (D:1)
  A leopard gecko (D:1)
  3 goblins (D:1)
  4 hobgoblins (D:1)
  2 ball pythons (D:1)
  5 bats (D:1)
  3 kobolds
  2 rats (D:1)
23 creatures vanquished.

Notes
Turn   | Place    | Note
-------+----------+-------------------------------------------
     0 | D:1      | Kairos the Vine Stalker Assassin began the quest for the
                  | Orb.
     0 | D:1      | Reached XP level 1. HP: 11/11 MP: 2/2
    14 | D:1      | Reached skill level 5 in Stealth
   301 | D:1      | Reached XP level 2. HP: 13/15 MP: 1/3
  1323 | D:1      | Reached XP level 3. HP: 18/18 MP: 4/4
  1420 | D:1      | Found a shattered altar of Ashenzari.
  1667 | D:1      | Gained mutation: Your magical capacity is low. (-10% MP)
                  | [potion of mutation]
  1667 | D:1      | Gained mutation: You have supernaturally acute eyesight.
                  | (SInv) [potion of mutation]
  1667 | D:1      | Gained mutation: Your flesh is cold resistant. (rC+)
                  | [potion of mutation]
  1700 | D:2      | Slain by a kobold

Skill      XL: |  1  2 |
---------------+-------+-----
Stealth        | 5 |  5.8
Short Blades   | 2 |  2.3
Fighting       | |  1.9
Throwing       | |  1.8
Dodging        | |  0.9

Action                   || total
-------------------------++-------
Melee: Dagger            ||    85
       Bite              ||    24
  Use: Scroll            ||     1
       Potion            ||     1
 Stab: Sleeping          ||     8
  Eat: Chunk             ||     2
Armor: Robe              ||    25
Dodge: Dodged            ||    58
